 Dungeon Crawl Stone Soup version 0.18-a0-1435-gee79d65 (webtiles) character file.

344889 Tomstefer the Minotaur Blade (level 21, -8/207 HPs)
             Began as a Minotaur Berserker on Feb 27, 2016.
             Was a High Priest of Trog.
             Hit by a large rock thrown by a stone giant (28 damage)
             ... on level 5 of the Vaults on Feb 28, 2016.
             The game lasted 02:46:26 (44636 turns).

Tomstefer the Minotaur Blade (Minotaur Berserker)  Turns: 44636, Time: 02:46:26

Health: -8/207     AC: 43    Str: 32    XL:     21   Next: 16%
Magic:  37/37      EV: 11    Int:  9    God:    Trog [*****.]
Gold:   711        SH: 24    Dex: 20    Spells: 0 memorised, 20 levels left

rFire  + + .     SeeInvis .     T - +5 demon blade "Laz Kugy" {elec, *Noise rPois MP+9}
rCold  + + +     Gourm    .     d - +10 gold dragon armour
rNeg   + . .     Faith    .     J - +1 large shield {rC+}
rPois  +         Spirit   .     (helmet restricted)
rElec  +         Dismiss  .     O - +1 cloak "Jirepn" {rC+ Int+5}
rCorr  .         Reflect  +     X - +2 pair of gloves
SustAt +         Harm     .     k - +2 pair of boots
MR     +++..                    r - +2 amulet of reflection
Stlth  ..........               N - +5 ring of slaying
                                E - ring "Cesmu" {SustAt Fragile rElec rF+ rN+}

@: mighty, agile, exhausted, very slightly contaminated, regenerating, extremely
resistant to hostile enchantments, extremely unstealthy
A: retaliatory headbutt, horns 2
a: Berserk, Trog's Hand, Brothers in Arms, Burn Spellbooks, Renounce Religion
}: 2/15 runes: barnacled, gossamer


You were on level 5 of the Vaults.
You worshipped Trog.
Trog was extremely pleased with you.
You were near starving.

You visited 7 branches of the dungeon, and saw 39 of its levels.
You also visited: Labyrinth, Ossuary, Ice Cave and Volcano.

You collected 3966 gold pieces.
You spent 3255 gold pieces at shops.

Inventory:

Hand Weapons
 m - a +7 scimitar of flaming
 T - the +5 demon blade "Laz Kugy" (weapon) {elec, *Noise rPois MP+9}
   (You found it on level 3 of the Lair of Beasts)

   Occasionally, upon striking a foe, it will discharge some electrical energy
   and cause terrible harm.
   It protects you from poison.
   It affects your magic capacity (+9).
   It may make noises in combat.
Armour
 b - the +2 cloak "Cefraeth" {rCorr SInv}
   (You bought it in a shop on level 2 of the Orcish Mines)

   It lets you see invisible.
   It protects you from acid and corrosion.
 d - a +10 gold dragon armour (worn)
 k - a +2 pair of boots (worn)
 J - a +1 large shield of cold resistance (worn)
 O - the +1 cloak "Jirepn" (worn) {rC+ Int+5}
   (You found it on level 3 of the Vaults)

   It affects your intelligence (+5).
   It protects you from cold.
 X - a +2 pair of gloves (worn)
Rods
 a - a +0 rod of ignition (11/11)
   (You took it off a minotaur in a labyrinth)
 P - a +0 rod of shadows (9/9)
   (You found it in a labyrinth)
Jewellery
 r - a +2 amulet of reflection (around neck)
 E - the ring "Cesmu" (left hand) {SustAt Fragile rElec rF+ rN+}
   (You found it on level 13 of the Dungeon)

   [ring of sustain attributes]

   It sustains your strength, intelligence and dexterity.
   It protects you from fire.
   It insulates you from electricity.
   It protects you from negative energy.
   It will be destroyed if unequipped.
 N - a +5 ring of slaying (right hand)
Wands
 f - a wand of disintegration (11/24)
 l - a wand of paralysis (6/24)
 z - a wand of lightning (8/15)
 R - a wand of disintegration (16/24)
 S - a wand of digging (4/24)
Scrolls
 e - 14 scrolls of teleportation
 g - 8 scrolls of remove curse
 n - 4 scrolls of magic mapping
 x - 8 scrolls of identify
 C - 5 scrolls of recharging
 H - 2 scrolls of fog
 V - 3 scrolls of fear
 W - 4 scrolls of enchant weapon
Potions
 i - 7 potions of flight
 j - 2 potions of berserk rage
 p - 9 potions of might
 u - 10 potions of agility
 w - a potion of cure mutation
 A - 19 potions of curing
 K - 4 potions of cancellation
 M - 6 potions of resistance
 U - 3 potions of invisibility
Miscellaneous
 I - a phial of floods
Comestibles
 c - 10 bread rations
 o - 15 meat rations
 q - 9 beef jerkies
 s - 6 slices of pizza
 v - 6 royal jellies
 G - 11 fruits


   Skills:
 + Level 22.0 Fighting
 + Level 25.7 Long Blades
 + Level 20.3 Armour
 - Level 2.1 Dodging
 - Level 12.1 Shields
 + Level 11.0 Evocations


You had 20 spell levels left.
You didn't know any spells.

Dungeon Overview and Level Annotations

Branches:
Dungeon (15/15)            Temple (0/1) D:7            Lair (8/8) D:9
 Shoals (4/4) Lair:6       Spider (4/4) Lair:5        Slime (0/6) Lair:7
    Orc (2/2) D:10            Elf (1/3) Orc:2        Vaults (5/5) D:14
  Crypt (0/3) Vaults:2
 Depths: D:15

Altars:
Ashenzari
Cheibriados
Dithmenos
Fedhas
Gozag
Nemelex Xobeh
Qazlal
Ru
Sif Muna
Xom
Yredelemnul
Beogh

Shops:
D:8 *   D:12 (   D:15 :   Orc:2 *[(:   Vaults:3 *((?[


Innate Abilities, Weirdness & Mutations

You reflexively headbutt those who attack you in melee.
You have a pair of horns on your head.


Message History

The tengu reaver blocks your attack.
Your headbutt misses the tengu reaver.
The tengu reaver is lightly wounded.
The stone giant throws a large rock.
The large rock hits you.
* * * LOW HITPOINT WARNING * * *
Press: ? - help, v - describe, . - travel
Here: a tengu reaver, wielding a war axe, wearing a ring mail and wearing a buckler (lightly wounded)
The floor, spattered with blood.
Drink which item? (? for menu, Esc to quit)
Okay, then.
Read which item? (? for menu, Esc to quit)
Okay, then.
The fire giant no longer looks unusually strong.
The fire giant casts a spell at you. The bolt of fire hits you! You resist.
* * * LOW HITPOINT WARNING * * *
The tengu reaver gestures at you while chanting.
The bolt of lightning hits you! You resist.
* * * LOW HITPOINT WARNING * * *
The stone giant throws a large rock.
The large rock hits you!!
You die...

..## ...# # #.C# .#
.. ##..# .#
...##...#..#
#.......#..#
#....C....#
################@...#
*...†......QpDQ.....#
.%........*C.cC.....#
#####################


You could see a golden dragon, a fire giant, a stone giant, a vault warden, 2
tengu reavers, a yaktaur captain, 2 ettins and a battlesphere.

Vanquished Creatures
  A golden dragon (Vaults:5)
  A lich (Vaults:4)
  A titan (Vaults:5)
  A Shadow Fiend (Lair:6)
  4 tengu reavers
  2 storm dragons
  Ilsuiw (Shoals:4)
  4 ghost moths
  14 vault wardens
  A deep elf sorcerer (Vaults:2)
  4 emperor scorpions (Spider:4)
  A frost giant (IceCv)
  The ghost of Tomstefer the Fencer, a journeyman MiBe of Trog (Lair:7)
  13 ironheart preservers
  6 very ugly things
  The ghost of Meriados the Reanimator, a journeyman HuNe of Ashenzari (Lair:8)
  A deep elf demonologist (Vaults:4)
  3 salamander stormcallers
  2 deep elf annihilators (Vaults:4)
  5 stone giants
  3 spark wasps
  31 vault guards
  A minotaur (Lab)
  A merfolk javelineer (Shoals:4)
  3 ettins (Vaults:5)
  2 deep elf death magi (Vaults:4)
  5 merfolk impalers (Shoals:4)
  A fire dragon (Vaults:4)
  4 great orbs of eyes
  9 yaktaur captains
  Josephine (Spider:1)
  3 rakshasas (Vaults:1)
  4 entropy weavers
  8 hydras
  3 death knights
  7 centaur warriors
  An alligator snapping turtle (Shoals:4)
  2 ice dragons
  4 merfolk aquamancers
  4 death yaks
  7 ogre magi
  A queen ant (Spider:2)
  2 tengu warriors
  An orc high priest (Orc:1)
  3 deep elf knights
  Nergalle (Orc:2)
  The ghost of chei the Slasher, a novice NaFi of Okawaru (D:6)
  16 skeletal warriors
  16 sea snakes
  3 fire crabs
  7 unseen horrors
  A shadow wraith (Vaults:4)
  A fire crab (shapeshifter) (Vaults:1)
  A salamander mystic (Vaults:2)
  5 deep elf archers
  5 deep trolls (Vaults:4)
  2 flayed ghosts
  8 hill giants
  A sea snake (shapeshifter) (Vaults:4)
  11 ironbrand convokers
  An orb spider (shapeshifter) (Vaults:1)
  32 wolf spiders
  Pikel (D:9)
  3 wizards (D:14)
  A wolf spider zombie (D:14)
  6 necromancers
  A frost giant zombie (Vaults:5)
  14 orb spiders
  10 deep elf magi
  22 harpies
  2 cyclopes
  20 ugly things
  12 orc knights
  2 fauns
  12 griffons
  7 hornets
  5 orc sorcerers
  2 salamanders (Vaults:2)
  A frost giant skeleton (Vaults:2)
  10 manticores
  6 water nymphs
  2 fire giant skeletons
  An elephant (shapeshifter) (Vaults:1)
  A moth of wrath (Spider:4)
  14 vault sentinels
  9 sirens
  8 human skeletons
  5 torpor snails
  A salamander skeleton (Vaults:2)
  Joseph (D:7)
  5 black mambas
  Psyche (Lair:6)
  2 gargoyles
  An ice statue (IceCv)
  An eye of devastation (Lair:7)
  24 spiny frogs
  15 yaktaurs
  6 rime drakes
  12 freezing wraiths
  A human zombie (Vaults:1)
  4 kobold demonologists
  An efreet (D:15)
  2 yaktaurs (shapeshifter)
  2 yaktaur zombies
  10 komodo dragons
  10 demonic crawlers
  2 tengu conjurers
  26 jumping spiders
  2 wind drakes (shapeshifter)
  21 merfolk
  2 jumping spiders (shapeshifter)
  8 trolls
  16 polar bears
  A raiju (shapeshifter) (Vaults:4)
  16 two-headed ogres
  3 boulder beetles
  2 wind drakes
  A hornet zombie (D:15)
  18 slime creatures
  A sphinx simulacrum (Vaults:4)
  17 blink frogs
  7 snapping turtles
  2 shadows (D:15)
  A spriggan (D:8)
  29 tarantellas
  61 redbacks
  16 water elementals
  7 wraiths
  A centaur simulacrum (D:14)
  A vampire (D:12)
  2 ettin skeletons
  2 fire bats (Volcano)
  6 wyverns
  85 yaks
  7 basilisks
  A hog (shapeshifter) (Vaults:2)
  7 small abominations (D:14)
  22 humans
  Grum (D:8)
  A golden eye (shapeshifter) (Vaults:1)
  25 hippogriffs
  A human (shapeshifter) (Vaults:3)
  3 hungry ghosts
  2 steam dragons
  A human simulacrum (Vaults:2)
  38 vampire mosquitoes
  5 wargs
  2 mottled dragons
  25 wolves
  A swamp worm (shapeshifter) (Vaults:4)
  24 soldier ants (Spider:2)
  15 water moccasins
  Edmund (D:6)
  A water moccasin (shapeshifter) (Vaults:1)
  14 porcupines
  A hell hound (Volcano)
  42 orc warriors
  5 large abominations (D:14)
  3 sky beasts
  4 slaves (D:9)
  5 ice beasts
  3 wasps (Spider:4)
  2 necrophages
  2 phantoms
  3 black bears
  An eye of draining (Lair:7)
  38 ogres
  12 centaurs
  2 orc skeletons
  19 crocodiles
  Blork the orc (D:6)
  36 giant frogs
  13 big kobolds
  A glowing shapeshifter simulacrum (Vaults:2)
  An elf zombie (Ossuary)
  2 wyvern zombies
  An ogre simulacrum (Vaults:1)
  3 scorpions
  11 killer bees
  16 wights
  11 electric eels
  4 howler monkeys
  8 crimson imps
  3 centaur zombies
  A wasp zombie (D:8)
  2 jellies
  A quasit (D:14)
  5 centaur skeletons
  16 orc priests
  A gnoll shaman (D:6)
  9 hounds
  21 orc wizards
  2 giant frog skeletons
  6 iguanas
  34 worker ants
  A killer bee zombie (D:5)
  39 sheep
  A big kobold zombie (Ossuary)
  2 hound skeletons
  2 mummies (Ossuary)
  10 gnolls
  12 adders
  66 river rats
  A shadow imp (D:8)
  3 oozes
  2 adder skeletons
  5 adder zombies
  3 worms
  3 dart slugs
  3 giant geckos
  89 orcs
  5 ball pythons
  8 giant cockroaches
  7 hobgoblins
  6 jackals (Lair:6)
  18 kobolds
  7 quokkas
  23 bats
  A giant gecko skeleton (D:9)
  A giant gecko zombie (D:7)
  8 giant newts
  16 goblins
  4 goblin zombies (Ossuary)
  12 hobgoblin zombies (Ossuary)
  A jackal skeleton (D:7)
  3 jackal zombies
  5 kobold zombies (Ossuary)
  9 orc zombies (Ossuary)
  18 rats
  A fungus (Lair:7)
  10 plants
1875 creatures vanquished.

Vanquished Creatures (collateral kills)
  An orc warlord (Orc:2)
  An ironheart preserver (Vaults:5)
  3 merfolk javelineers (Shoals:4)
  A vault guard (Vaults:5)
  An orc high priest (Orc:2)
  A sea snake (Shoals:3)
  4 harpies (Shoals:4)
  An orc knight (Vaults:4)
  3 deep elf magi (Vaults:2)
  A griffon (Shoals:3)
  2 water nymphs (Shoals:3)
  2 manticores
  6 sirens
  A yaktaur skeleton (Vaults:5)
  3 merfolk
  A basilisk (Lair:7)
  2 orc warriors (Orc:2)
  A sheep (Shoals:4)
  3 orcs
38 creatures vanquished.

Vanquished Creatures (others)
  A stone giant (Vaults:2)
  4 merfolk javelineers (Shoals:4)
  A merfolk impaler (Shoals:4)
  A centaur warrior (D:14)
  A shadow wraith (Vaults:4)
  4 cyclopes
  A manticore (Shoals:3)
  4 fauns
  9 yaktaurs
  A tarantella (Spider:4)
  A redback (Spider:3)
  2 centaurs
  An orc wizard (D:10)
  An orc (D:8)
  A kobold (D:12)
  28 fungi
  29 plants
90 creatures vanquished.

Grand Total: 2003 creatures vanquished

Notes
Turn   | Place    | Note
--------------------------------------------------------------
     0 | D:1      | Tomstefer the Minotaur Berserker began the quest for the Orb.
     0 | D:1      | Reached XP level 1. HP: 19/19 MP: 0/0
    83 | D:1      | Reached skill level 4 in Long Blades
    83 | D:1      | Reached XP level 2. HP: 24/27 MP: 1/1
   350 | D:1      | Reached XP level 3. HP: 29/33 MP: 2/2
   409 | D:1      | Reached ** piety under Trog
   624 | D:2      | Reached skill level 5 in Long Blades
   627 | D:2      | Reached XP level 4. HP: 33/41 MP: 3/3
   918 | D:2      | Found a sparkling altar of Nemelex Xobeh.
  1349 | D:3      | Reached *** piety under Trog
  1899 | D:4      | Found a sacrificial altar of Ru.
  1909 | D:4      | Reached XP level 5. HP: 45/47 MP: 4/4
  2090 | D:4      | Reached skill level 6 in Long Blades
  2233 | D:4      | Noticed an ogre
  2238 | D:4      | Killed an ogre
  2238 | D:4      | Reached skill level 5 in Fighting
  2238 | D:4      | Reached XP level 6. HP: 56/56 MP: 5/5
  2448 | D:4      | Reached skill level 7 in Long Blades
  2485 | D:4      | Got a steaming quarterstaff
  2748 | D:5      | Entered Level 5 of the Dungeon
  2801 | D:5      | Found an opulent altar of Gozag.
  2846 | D:5      | Reached XP level 7. HP: 57/62 MP: 6/6
  3019 | D:5      | Reached skill level 8 in Long Blades
  3019 | D:5      | Reached skill level 5 in Armour
  3032 | D:5      | Reached **** piety under Trog
  3348 | D:5      | Reached XP level 8. HP: 68/68 MP: 7/7
  3688 | D:5      | Found a snail-covered altar of Cheibriados.
  3689 | D:5      | Reached skill level 9 in Long Blades
  4010 | D:6      | Noticed chei's ghost (novice NaFi)
  4545 | D:6      | Killed chei's ghost
  4545 | D:6      | Reached skill level 10 in Long Blades
  4545 | D:6      | Reached XP level 9. HP: 76/78 MP: 8/8
  4633 | D:6      | Found a sand-covered staircase.
  4638 | Ossuary  | Entered an ossuary
  4778 | Ossuary  | Reached skill level 11 in Long Blades
  5069 | D:6      | Noticed Blork the orc
  5076 | D:6      | Killed Blork the orc
  5170 | D:6      | Found a shadowy altar of Dithmenos.
  5222 | D:6      | Noticed Edmund
  5237 | D:6      | Killed Edmund
  5265 | D:6      | Found a stormy altar of Qazlal.
  5592 | D:7      | Noticed Joseph
  5606 | D:7      | Killed Joseph
  5606 | D:7      | Reached skill level 12 in Long Blades
  5990 | D:7      | Noticed a kobold demonologist
  5990 | D:7      | Noticed a kobold demonologist
  6000 | D:7      | Killed a kobold demonologist
  6000 | D:7      | Reached XP level 10. HP: 88/88 MP: 9/9
  6003 | D:7      | Reached ***** piety under Trog
  6276 | D:7      | Reached skill level 13 in Long Blades
  6353 | D:7      | Found a shimmering altar of Xom.
  6422 | D:7      | Found a staircase to the Ecumenical Temple.
  6568 | D:7      | Received a gift from Trog
  6724 | D:8      | Found Maisa's General Store.
  6764 | D:8      | Reached skill level 10 in Fighting
  7075 | D:8      | Noticed Grum
  7091 | D:8      | Killed Grum
  8023 | D:9      | Noticed a centaur warrior
  8033 | D:9      | Killed a centaur warrior
  8033 | D:9      | Reached skill level 14 in Long Blades
  8033 | D:9      | Reached skill level 10 in Armour
  8091 | D:9      | Reached XP level 11. HP: 98/98 MP: 10/10
  8162 | D:9      | Noticed Pikel
  8172 | D:9      | Killed Pikel
  8241 | D:9      | Got a distressingly furry leather armour
  8256 | D:9      | Identified the cursed +0 leather armour of the Evening Star {+Inv rC+++ rCorr Dex-2} (You found it on level 9 of the Dungeon)
  8448 | D:9      | Found a deep blue altar of Sif Muna.
  8457 | D:9      | Found a basalt altar of Yredelemnul.
  8489 | D:9      | Found a shattered altar of Ashenzari.
  8745 | D:9      | Found a staircase to the Lair.
  8856 | Lair:1   | Entered Level 1 of the Lair of Beasts
  8981 | Lair:1   | Reached skill level 15 in Long Blades
 10225 | Lair:2   | Received a gift from Trog
 10593 | Lair:2   | Reached skill level 16 in Long Blades
 11039 | Lair:3   | Reached XP level 12. HP: 102/109 MP: 11/11
 11062 | Lair:3   | Noticed a seven-headed hydra
 11075 | Lair:3   | Killed a three-headed hydra
 11130 | Lair:3   | Got a blackened demon blade
 11138 | Lair:3   | Found a labyrinth entrance.
 11224 | Lab      | Entered a labyrinth
 11235 | Lab      | Identified the +5 demon blade "Laz Kugy" {elec, *Noise rPois MP+9} (You found it on level 3 of the Lair of Beasts)
 12493 | Lab      | Noticed a minotaur
 12509 | Lab      | Killed a minotaur
 12603 | Lab      | Identified the Catalogue of Lightness
 13580 | Lair:4   | Received a gift from Trog
 13593 | Lair:4   | Gained mutation: Your movements are slightly less encumbered by armour (ER -2). [potion of mutation]
 13593 | Lair:4   | Gained mutation: Your flesh is heat resistant. [potion of mutation]
 13594 | Lair:4   | Lost mutation: Your movements are slightly less encumbered by armour (ER -2). [potion of cure mutation]
 13594 | Lair:4   | Lost mutation: Your flesh is heat resistant. [potion of cure mutation]
 13672 | Lair:4   | Reached skill level 17 in Long Blades
 13780 | Lair:4   | Found a frozen archway.
 13817 | IceCv    | Entered an ice cave
 14335 | IceCv    | Gained mutation: Your muscles are strong. (Str +2) [potion of beneficial mutation]
 14723 | IceCv    | Reached XP level 13. HP: 110/122 MP: 12/12
 14776 | IceCv    | Noticed a frost giant
 14789 | IceCv    | Reached skill level 18 in Long Blades
 14797 | IceCv    | Killed a frost giant
 15956 | Lair:5   | Reached ****** piety under Trog
 15999 | Lair:5   | Reached skill level 1 in Shields
 16162 | Lair:5   | Found a hole to the Spider Nest.
 16372 | Lair:5   | Received a gift from Trog
 16386 | Lair:5   | Reached skill level 19 in Long Blades
 16988 | Lair:6   | Noticed a Shadow Fiend
 16994 | Lair:6   | Killed a Shadow Fiend
 17023 | Lair:6   | Noticed Psyche
 17028 | Lair:6   | Killed Psyche
 17275 | Lair:6   | Received a gift from Trog
 17276 | Lair:6   | Found a runed door.
 17460 | Lair:6   | Found a staircase to the Shoals.
 17770 | Lair:6   | Reached skill level 5 in Shields
 17777 | Lair:6   | Reached XP level 14. HP: 121/133 MP: 6/13
 17930 | Lair:7   | Found a dark tunnel.
 17940 | Volcano  | Entered a volcano
 18624 | Lair:7   | Found a staircase to the Slime Pits.
 18813 | Lair:7   | Received a gift from Trog
 19003 | Lair:7   | Reached skill level 20 in Long Blades
 19237 | Lair:7   | Noticed Tomstefer's ghost (journeyman MiBe)
 19249 | Lair:7   | Killed Tomstefer's ghost
 19249 | Lair:7   | Reached skill level 15 in Fighting
 19364 | Lair:8   | Entered Level 8 of the Lair of Beasts
 19364 | Lair:8   | Noticed Meriados's ghost (journeyman HuNe)
 19376 | Lair:8   | Killed Meriados's ghost
 19882 | Lair:8   | Received a gift from Trog
 20435 | Lair:8   | Received a gift from Trog
 20708 | Lair:8   | Reached skill level 21 in Long Blades
 20714 | Lair:8   | Reached XP level 15. HP: 141/141 MP: 14/14
 20743 | Lair:8   | Got a dazzling plate armour
 20761 | Lair:8   | Identified the +5 plate armour of Brilliance {rN+} (You found it on level 8 of the Lair of Beasts)
 21162 | D:10     | Entered Level 10 of the Dungeon
 21400 | D:10     | Found a staircase to the Orcish Mines.
 21815 | Orc:1    | Entered Level 1 of the Orcish Mines
 22001 | Orc:1    | Received a gift from Trog
 22007 | Orc:1    | Got a slimy scimitar {god gift}
 22124 | Orc:1    | Identified the +7 scimitar of Evisceration {freeze, Int+3} (Trog gifted it to you on level 1 of the Orcish Mines)
 22160 | Orc:2    | Entered Level 2 of the Orcish Mines
 22439 | Orc:2    | Noticed Nergalle
 22457 | Orc:2    | Killed Nergalle
 22475 | Orc:2    | Noticed an orc warlord
 22488 | Orc:2    | Killed an orc warlord
 22644 | Orc:2    | Found a roughly hewn altar of Beogh.
 22653 | Orc:2    | Found Hacsymerch's Antique Armour Emporium.
 22664 | Orc:2    | Found Hiennaen's General Store.
 22714 | Orc:2    | Found Luci Omo's Book Emporium.
 22847 | Orc:2    | Found a staircase to the Elven Halls.
 22907 | Orc:2    | Found Fucu's Antique Weapon Emporium.
 23211 | Elf:1    | Entered Level 1 of the Elven Halls
 23367 | Orc:2    | Bought a glowing gold dragon armour for 2400 gold pieces
 23793 | D:11     | Received a gift from Trog
 24395 | D:12     | Found Xalad's Antique Weapon Shoppe.
 24862 | D:12     | Noticed a tengu reaver
 24882 | D:12     | Killed a tengu reaver
 25427 | D:13     | Received a gift from Trog
 25466 | D:13     | Got a scorched iron ring
 25468 | D:13     | Identified the ring "Cesmu" {SustAt Fragile rElec rF+ rN+} (You found it on level 13 of the Dungeon)
 26047 | D:14     | Reached skill level 10 in Shields
 26078 | D:14     | Found a gate to the Vaults.
 26295 | D:14     | Reached skill level 22 in Long Blades
 26344 | D:14     | Found a shimmering altar of Xom.
 26446 | D:14     | Reached XP level 16. HP: 154/154 MP: 15/15
 27187 | D:15     | Entered Level 15 of the Dungeon
 27190 | D:15     | Found Ruixuem's Book Shoppe.
 27200 | D:15     | Received a gift from Trog
 27523 | D:15     | Found a blossoming altar of Fedhas.
 27713 | D:15     | Reached skill level 15 in Armour
 28382 | Spider:1 | Entered Level 1 of the Spider Nest
 28461 | Spider:1 | Noticed Josephine
 28469 | Spider:1 | Killed Josephine
 29478 | Spider:2 | Received a gift from Trog
 29622 | Spider:2 | Upgraded the game from 0.18-a0-1426-g3b9a63c to 0.18-a0-1435-gee79d65
 29793 | Spider:2 | Received a gift from Trog
 30599 | Spider:3 | Received a gift from Trog
 30929 | Spider:4 | Entered Level 4 of the Spider Nest
 30964 | Spider:4 | Reached XP level 17. HP: 163/163 MP: 16/16
 31153 | Spider:3 | Reached skill level 23 in Long Blades
 31864 | Spider:4 | Got a gossamer rune of Zot
 31968 | Spider:4 | Received a gift from Trog
 31978 | Spider:4 | Got a twisted scimitar {god gift}
 31979 | Spider:4 | Identified the +8 scimitar of Imoum {freeze, rC+ MR- Str+3} (Trog gifted it to you on level 4 of the Spider Nest)
 33084 | D:9      | Identified a +0 rod of ignition (11/11) (You took it off a minotaur in a labyrinth)
 33085 | D:9      | Identified a +0 rod of shadows (9/9) (You found it in a labyrinth)
 33380 | Orc:2    | Bought a runed buckler for 135 gold pieces
 33420 | Orc:2    | Bought the +2 cloak "Cefraeth" {rCorr SInv} for 563 gold pieces
 33672 | Shoals:1 | Entered Level 1 of the Shoals
 33868 | Shoals:1 | Reached skill level 1 in Evocations
 34284 | Shoals:1 | Received a gift from Trog
 35741 | Shoals:3 | Received a gift from Trog
 36092 | Shoals:3 | Reached XP level 18. HP: 163/176 MP: 19/19
 36211 | Shoals:4 | Entered Level 4 of the Shoals
 36823 | Shoals:4 | Noticed Ilsuiw
 36838 | Shoals:4 | Killed Ilsuiw
 36838 | Shoals:4 | Received a gift from Trog
 37228 | Shoals:4 | Reached skill level 24 in Long Blades
 37233 | Shoals:4 | Reached skill level 5 in Evocations
 37249 | Shoals:4 | Got a barnacled rune of Zot
 37721 | Vaults:1 | Entered Level 1 of the Vaults
 38161 | Vaults:1 | Received a gift from Trog
 38260 | Vaults:1 | Got a slimy plate armour
 38271 | Vaults:1 | Identified the +1 plate armour of Pantheism {*Contam rF+ Str+7} (You found it on level 1 of the Vaults)
 38284 | Vaults:1 | Gained mutation: You are frail (-10% HP). [mutagenic glow]
 38286 | Vaults:1 | Lost mutation: Your muscles are strong. (Str +2) [potion of cure mutation]
 38286 | Vaults:1 | Lost mutation: You are frail (-10% HP). [potion of cure mutation]
 39174 | Vaults:2 | Reached XP level 19. HP: 185/185 MP: 22/22
 39507 | Vaults:2 | Received a gift from Trog
 40301 | Vaults:2 | Found a staircase to the Crypt.
 40709 | Vaults:3 | Got a heavily runed cloak
 40721 | Vaults:3 | Identified the +1 cloak "Jirepn" {rC+ Int+5} (You found it on level 3 of the Vaults)
 40750 | Vaults:3 | Received a gift from Trog
 41136 | Vaults:3 | Reached skill level 25 in Long Blades
 41813 | Vaults:3 | Received a gift from Trog
 41840 | Vaults:3 | Found Gyrphew's Weapon Shop.
 41862 | Vaults:3 | Found Nuolo's Magic Scroll Emporium.
 41869 | Vaults:3 | Found Ofrejef's Antique Armour Shop.
 41987 | Vaults:3 | Reached XP level 20. HP: 185/195 MP: 25/25
 42225 | Vaults:3 | Found Ruheig's Weapon Shop.
 42307 | Vaults:3 | Found Jittum's General Store.
 42345 | Vaults:3 | Bought a scroll of enchant armour for 157 gold pieces
 42957 | Vaults:4 | Received a gift from Trog
 43564 | Vaults:4 | Reached skill level 10 in Evocations
 43820 | Vaults:4 | Received a gift from Trog
 44386 | Vaults:5 | Entered Level 5 of the Vaults
 44423 | Vaults:5 | Noticed a golden dragon
 44503 | Vaults:5 | Killed a golden dragon
 44506 | Vaults:5 | Received a gift from Trog
 44514 | Vaults:5 | Reached XP level 21. HP: 114/206 MP: 28/28
 44584 | Vaults:5 | Noticed a golden dragon
 44636 | Vaults:5 | Hit by a large rock thrown by a stone giant

Vault maps used:
D:1:      minmay_arrival_diagonal_passages, minmay_shallow_snake_nest
D:2:      marbit_many_paths
D:3:      hangedman_decor_slide_cut
D:4:      nicolae_ru_great_annihilating_truth, first_bread, kennysheep_path_1
D:5:      wad_lake_hut, overflow_temple_1_default, basic_altar,
          gup_sewer_entry_bowl
D:6:      nicolae_overflow_hidden_temple, kennysheep_mini_moat,
          nicolae_ossuary_entry_false_entrances, basic_altar, minivault_11,
          uniq_blork_the_orc, uniq_edmund
D:7:      xom_butterflies, minmay_temple_entry_glass, uniq_joseph
D:8:      serial_shops, shop, the_bakery, uniq_grum
D:9:      minitemple, grunt_lair_entry_orc_guard_hut, evilmike_ruin_ashenzari,
          uniq_pikel
D:10:     david_orc_4
D:11:     special_room
D:12:     serial_shops, shop, grunt_decor_cap, kennysheep_four_rooms
D:14:     grunt_vaults_entry_tiered, basic_altar, laboratory
D:15:     grunt_enter_depths_hoard, serial_shops, shop, fedhas_altar_1,
          lemuel_flamethrower_1
Lair:1:   minivault_27, st_stairs_11
Lair:3:   lab_entry_generic, serial_bayou_shore_a, serial_bayou_shore_b
Lair:4:   portal_ice_cave_entry_pillars_03, grunt_megastairs_2
Lair:5:   spider_nest_entry_funnel_web
Lair:6:   erik_1, elwin_shoals_entry_stream, pf_torpor_hydra
Lair:7:   minmay_slime_entry_eyes, special_room, nicolae_volcano_entry_hallway,
          fungi_pond_lemuel, roderic_lost_polar_bear
Lair:8:   minmay_lair_end_frog_pond
Shoals:1: nicolae_shoals_dead_sea_scrolls
Shoals:2: nicolae_shoals_so_close
Shoals:4: shoals_end_simple, shoals_ilsuiw_alternative
Spider:1: hangedman_spider_tarantella_strand, uniq_josephine
Spider:2: zaba_anthell
Spider:4: guppyfry_spider_rune
Orc:1:    serial_shops
Orc:2:    grunt_orc_cross
Elf:1:    serial_shops, shop_statue, nicolae_shop_crystal,
          hangedman_corner_corridor, hangedman_research_quantum
Vaults:1: hangedman_vaults_stream, v_pattern_2, grunt_vaults_hallway_short,
          ontoclasm_vaults_bender, vaults_standard_mumra_x,
          ontoclasm_vaults_ring_small, grunt_vaults_focal, v_misc_19,
          ontoclasm_vaults_hangar, vaults_standard_mumra_enter_the_diamond,
          ontoclasm_vaults_eye, hangedman_vaults_snaps,
          nicolae_vaults_little_squares_2, ontoclasm_vaults_loading_screen,
          nicolae_vaults_little_squares_2
Vaults:2: v_misc_17, minmay_crypt_entry_skeletal_spiral, v_rooms_2, v_rooms_4,
          ontoclasm_vaults_shuriken, grunt_vaults_swirl,
          nicolae_vaults_mini_display_case, serial_glass
Vaults:3: vaults_mumra_bighexcomb, vaults_room_boxed, vaults_room_grid,
          nicolae_vaults_border_crossing, ontoclasm_vaults_loading_screen,
          nicolae_vaults_big_angled_halls, serial_ice_b, v_rooms_6, v_misc_30,
          vaults_room_semicircle, v_misc_33, ontoclasm_vaults_loading_screen,
          hangedman_vaults_trim, nicolae_vaults_asterisk,
          ontoclasm_vaults_misaligned, v_misc_25, serial_shops,
          nicolae_shop_waterfront, nicolae_shop_stone, shop,
          nicolae_shop_waterfront, shop
Vaults:4: nicolae_vaults_triangles, vaults_mumra_hexcomb, grunt_vaults_funnel,
          v_misc_24, nicolae_vaults_little_squares_6, v_misc_14,
          vaults_room_fours
Vaults:5: uniq_mennas
Lab:      labyrinth_watery, nicolae_lab_stuck, labyrinth_skeletal_remains,
          nicolae_lab_diamond
Ossuary:  ossuary_tomb_1
IceCv:    ice_cave_small_giant
Volcano:  volcano_village

Skill      XL: |  1  2  3  4  5  6  7  8  9 10 11 12 13 14 15 16 17 18 19 20 21 |
---------------+----------------------------------------------------------------+-----
Long Blades    | 4 5 6 7 8 10 12 14 16 17 19 21 22 23 24 25 | 25.7
Fighting       | 4 5 6 8 9 10 12 13 14 15 16 17 19 20 21 22 | 22.0
Armour         | 3 4 5 7 8 10 11 12 13 14 15 17 18 19 20 | 20.3
Shields        | 5 8 10 12 | 12.1
Evocations     | 3 6 8 10 11 | 11.0
Dodging        | |  2.1

Action                   |  1- 3 |  4- 6 |  7- 9 | 10-12 | 13-15 | 16-18 | 19-21 || total
-------------------------+-------+-------+-------+-------+-------+-------+-------++-------
Melee: Falchion          |    63 |   174 |   344 |   455 |    54 |       |       ||  1090
       Triple sword      |       |       |       |    50 |       |       |       ||    50
       Demon blade       |       |       |       |   164 |  1138 |  1488 |  1006 ||  3796
       Double sword      |       |       |       |       |   165 |       |       ||   165
       Scimitar          |       |       |       |       |    22 |       |       ||    22
Invok: Berserk           |       |     1 |     7 |    12 |    14 |    11 |    11 ||    56
       Trog's Hand       |       |       |     1 |     2 |     3 |     2 |     6 ||    14
       Burn Spellbooks   |       |       |     1 |     3 |     2 |     6 |     2 ||    14
       Brothers in Arms  |       |       |       |       |     2 |    13 |     5 ||    20
Evoke: Wand              |       |       |       |     3 |     1 |       |       ||     4
       Rod               |       |       |       |       |       |     1 |       ||     1
  Use: Scroll            |       |    12 |     4 |    11 |    16 |     6 |     7 ||    56
       Potion            |       |       |       |     8 |     5 |     4 |    11 ||    28
 Stab: Paralysed         |       |     1 |       |       |       |       |       ||     1
       Invisible         |       |       |       |     1 |       |       |       ||     1
       Distracted        |       |       |       |       |     1 |       |     1 ||     2
  Eat: Chunk             |       |    21 |    17 |    39 |    40 |    30 |    17 ||   164
       Pizza             |       |       |       |       |     2 |       |       ||     2
       Beef jerky        |       |       |       |       |     2 |       |       ||     2
       Bread ration      |       |       |       |       |     1 |     5 |     2 ||     8
       Meat ration       |       |       |       |       |     1 |       |     1 ||     2
       Royal jelly       |       |       |       |       |       |     2 |       ||     2
